 Dungeon Crawl Stone Soup version 0.30-a0-540-g0af01429fa (webtiles) character file.

Game seed: 193968917148193308

80 Jase the Cutter (level 4, -14/23 HPs)
             Began as a Vine Stalker Fighter on Dec 25, 2022.
             Was a Believer of Fedhas.
             Killed by divine providence
             ... invoked by an orc priest
              (15 damage)
             ... on level 3 of the Dungeon.
             The game lasted 00:05:01 (2291 turns).

Jase the Cutter (Vine Stalker Fighter)              Turns: 2291, Time: 00:05:01

Health: -14/23     AC: 14    Str: 19    XL:     4   Next: 39%
Magic:  0/6        EV: 10    Int: 12    God:    Fedhas [**....]
Gold:   229        SH:  5    Dex: 15    Spells: 3/3 levels left

rFire   . . .      SeeInvis .    a - +0 rapier
rCold   . . .      Faith    .    c - +0 buckler
rNeg    . . .      Spirit   +    x - +3 ring mail of Space {Int+4}
rPois   .          Reflect  .    j - +0 helmet
rElec   .          Harm     .    (no cloak)
rCorr   .          Rampage  .    q - +0 pair of gloves
Will    .....                    (no boots)
Stlth   +                        (no amulet)
HPRegen 1.03/turn                e - +4 ring of protection
MPRegen 0.10/turn                (no ring)

@: no status effects
A: fangs 2, regeneration 1, magic shield, antimagic bite, no potion heal 2
a: Renounce Religion, Wall of Briars


You were on level 3 of the Dungeon.
You worshipped Fedhas.
Fedhas was pleased with you.
You visited 1 branch of the dungeon, and saw 3 of its levels.

You collected 229 gold pieces.

Inventory:

Hand Weapons
 a - a +0 rapier (weapon)
Missiles
 f - 31 stones (quivered)
 w - 2 javelins
Armour
 c - a +0 buckler (worn)
 j - a +0 helmet (worn)
 q - a +0 pair of gloves (worn)
 x - the +3 ring mail of Space (worn) {Int+4}
   (You found it on level 3 of the Dungeon)

   Int:       It affects your intelligence (+4).
Jewellery
 e - a +4 ring of protection (left hand)
Scrolls
 k - 4 scrolls of identify {unknown}
 o - 5 scrolls of teleportation {unknown}
 r - 2 scrolls of fear {unknown}
 s - a scroll of vulnerability {unknown}
 u - a scroll of magic mapping {unknown}
Potions
 d - 2 potions of might
 g - 3 potions of curing {unknown}
 h - a potion of brilliance {unknown}
 i - a potion of haste {unknown}
 l - 3 potions of degeneration {unknown}
 m - a potion of heal wounds {unknown}
 n - a potion of ambrosia {unknown}
 p - 4 potions of mutation {unknown}
 t - 2 potions of berserk rage {unknown}
 v - a potion of attraction {unknown}


   Skills:
 - Level 2.6 Fighting
 + Level 3.4 Short Blades
 - Level 2.4 Armour
 - Level 2.6 Shields
 + Level 2.2 Invocations


You had 3 spell levels left.
You didn't know any spells.
Your spell library contained the following spells:

 Spells                   Type           Power      Damage    Failure   Level
 Freeze                   Ice            0%         1d3       58%         1
 Summon Small Mammal      Summ           0%         N/A       58%         1
 Call Canine Familiar     Summ           0%         N/A       92%         3
 Frozen Ramparts          Ice            0%         1d1       92%         3
 Hailstorm                Conj/Ice       0%         3d3       92%         3
 Summon Guardian Golem    Hex/Summ       0%         N/A       92%         3
 Irradiate                Conj/Tmut      0%         3d11      100%        5
 Orb of Destruction       Conj           0%         9d5       100%        7


Dungeon Overview and Level Annotations

Branches:
Dungeon (3/15)

Altars:
Elyvilon
Fedhas


Innate Abilities, Weirdness & Mutations

You have extremely sharp teeth.
Your natural rate of healing is unusually fast.
When hurt, damage is shared between your health and your magic reserves.
Your bite disrupts and absorbs the magic of your enemies.
Potions cannot restore your health.


Message History

An orc priest opens the door.
You barely miss the orc priest.
You bite the orc priest, but do no damage.
The orc priest is lightly wounded.
You hit the orc priest but do no damage.
You bite the orc priest, but do no damage.
The orc priest is lightly wounded.
The orc priest hits you but does no damage.
The orc hits you but does no damage.
The orc priest casts a cantrip, but nothing happens.
You puncture the orc priest! Your bite misses the orc priest.
The orc priest is heavily wounded.
The orc priest calls down the wrath of Beogh upon you.
Beogh smites you!
The orc priest casts a cantrip, but nothing happens.
You block the orc's attack.
You hit the orc priest.
The orc priest is almost dead.
The orc priest hits you but does no damage.
You block the orc's attack.
You hit the orc priest but do no damage.
You bite the orc priest, but do no damage.
The orc priest is almost dead.
You block the orc priest's attack. The orc hits you but does no damage.
You hit the orc priest but do no damage.
The orc priest is almost dead.
The orc priest barely misses you. The orc hits you with a +0 hand axe.
You block the orc priest's attack. The orc closely misses you.
You barely miss the orc priest.
The orc priest is almost dead.
The orc priest calls down the wrath of Beogh upon you.
Beogh smites you!
Ouch! That really hurt!
* * * LOW HITPOINT WARNING * * *
You block the orc's attack.
The orc priest mumbles some strange prayers to Beogh against you.
Beogh smites you!
Ouch! That really hurt!
You die...
Fedhas appreciates your contribution to the ecosystem.

##<.. #.... ++#
#.### ##.## #..#
##...## ##.# .....
# .# .o. ..# ##
#o##..... #@o......
#+######
##.##.....##....<.[
##...##
..##..######
#.....##+##..##
##...###....##
##.##...####
#'#..### #...##
#####


You could see 2 orc priests and an orc.

Vanquished Creatures
  3 adders (D:2)
  A worm (D:3)
  3 dart slugs
  An orc (D:3)
  4 ball pythons
  2 bats (D:2)
  3 endoplasms
  2 giant cockroaches
  4 goblins
  6 hobgoblins
  2 jackals (D:2)
  A quokka (D:1)
  3 frilled lizards
  2 kobolds
  3 rats
40 creatures vanquished.

Notes
Turn   | Place    | Note
-------+----------+-------------------------------------------
     0 | D:1      | Jase the Vine Stalker Fighter began the quest for the Orb.
     0 | D:1      | Reached XP level 1. HP: 11/11 MP: 2/2
   158 | D:1      | Reached skill level 2 in Short Blades
   215 | D:1      | Reached XP level 2. HP: 16/16 MP: 3/3
   228 | D:1      | Found a faded altar of an unknown god.
   234 | D:1      | Prayed at the altar of an unknown god.
   234 | D:1      | Became a worshipper of Fedhas Madash
   234 | D:1      | Reached * piety under Fedhas
   837 | D:2      | Reached skill level 1 in Invocations
   837 | D:2      | Reached XP level 3. HP: 6/19 MP: 2/4
  1090 | D:2      | Reached skill level 3 in Short Blades
  1165 | D:2      | Reached ** piety under Fedhas
  1365 | D:2      | Gained mutation: Your natural rate of healing is unusually
                  | fast. [Vine Stalker growth]
  1365 | D:2      | Reached XP level 4. HP: 23/23 MP: 6/6
  1848 | D:3      | Got Saust's Quarto of Attendants and Battling
  1928 | D:3      | Found a white marble altar of Elyvilon.
  2053 | D:3      | Identified the +3 ring mail of Space {Int+4}
  2291 | D:3      | HP: 1/23 [orc priest/divine providence (12)]
  2291 | D:3      | Killed from afar by an orc priest

Illustrated notes

Levels and vault maps discovered:
D:1:      roderic_lyre, layout_basic, hellmonk_ecumenical_altar_lost_god,
          minmay_cut_off
D:2:      layout_basic
D:3:      layout_loops_ring, elyvilon_altar_5, nicolae_hexahallways

Skill      XL: |  1  2  3 |
---------------+----------+-----
Short Blades   | 2 3 |  3.4
Invocations    | 1 2 |  2.2
Fighting       | |  2.6
Armour         | |  2.4
Shields        | |  2.6

Action                   |  1- 3 |  4- 6 || total
-------------------------+-------+-------++-------
Melee: Rapier            |    83 |    31 ||   114
       Bite              |    27 |     9 ||    36
Armor: Scale mail        |    38 |     8 ||    46
       Ring mail         |       |     5 ||     5
Dodge: Dodged            |    31 |     7 ||    38
Block: Buckler           |    13 |     9 ||    22

Table legend: (Time is in decaauts)
 A = Elapsed time spent in this place.
 B = Non-inter-level travel time spent in this place.
 C = Inter-level travel time spent in this place.
 D = Time resting spent in this place.
 E = Time spent auto-exploring this place.
 F = Levels seen in this place.
 G = Mean time per level.
                   A        B        C        D        E       F      G
               +--------+--------+--------+--------+--------+-----+--------+
         Total |   2301 |   2216 |     85 |     66 |   1782 |   3 |  767.0 |
       Dungeon |   2301 |   2216 |     85 |     66 |   1782 |   3 |  767.0 |
               +--------+--------+--------+--------+--------+-----+--------+

Top non-repeatable levels by time:
     D:2: 976 daAuts
     D:1: 812 daAuts
     D:3: 512 daAuts
